 Dungeon Crawl Stone Soup version 0.27.1-15-g792fb953b9 (webtiles) character file.

Game seed: 16181630794839816228

448 bearlyready the Skirmisher (level 7, -4/118 HPs)
             Began as a Djinni Fire Elementalist on Nov 19, 2021.
             Slain by an ogre (18 damage)
             ... on level 5 of the Dungeon.
             The game lasted 00:08:37 (5056 turns).

bearlyready the Skirmisher (DjFE)                   Turns: 5056, Time: 00:08:38

Health: -4/118     AC: 23    Str:  7    XL:     7   Next: 24%
Gold:   132        EV:  2    Int: 24    God:
                   SH:  0    Dex: 14

rFire    . . .     SeeInvis .   e - +0 dagger
rCold    . . .     Faith    .   (no shield)
rNeg     + + +     Spirit   .   (armour currently unavailable)
rPois    ∞         Reflect  .   (helmet currently unavailable)
rElec    .         Harm     .   (cloak currently unavailable)
rCorr    .         Rampage  .   (gloves currently unavailable)
Will     .....     NoTele   +   (boots unavailable)
Stlth    ..........             (no amulet)
HPRegen  0.29/turn              k - +6 ring of intelligence
MPRegen  0.00/turn              (no ring)

@: berserking (expiring), tree-form, hasted, very quick
A: stationary, stasis, torment immunity, boosted hp, sickness immunity, (fire
resistance 2), (cold vulnerability 1), float, innate caster, hp casting, extra
vitality 1
a: no special abilities


You were on level 5 of the Dungeon.
You were a tree.
You visited 1 branch of the dungeon, and saw 5 of its levels.

You collected 132 gold pieces.

Inventory:

Hand Weapons
 e - a +0 dagger (weapon)
Armour
 a - a +0 robe (melded)
Jewellery
 k - a +6 ring of intelligence (left branch)
Scrolls
 c - 3 scrolls of identify
 f - a scroll of fear {unknown}
 n - a scroll of enchant armour {unknown}
Potions
 b - a potion of haste
 g - a potion of lignification
 i - a potion of curing {unknown}
 j - a potion of brilliance {unknown}
 l - a potion of magic
 m - a potion of heal wounds {unknown}


   Skills:
 + Level 4.7 Fighting
 - Level 2.1 Dodging
 - Level 1.5 Stealth
 + Level 4.5 Spellcasting


You couldn't memorise any spells.
You knew the following spells:

 Your Spells              Type           Power      Damage    Failure   Level
a - Foxfire               Conj/Fire      100%       2x1d9     1%          1
b - Conjure Flame         Conj/Fire      27%        6-21      4%          3
c - Inner Flame           Hex/Fire       27%        N/A       4%          3
d - Sticky Flame          Conj/Fire      27%        2d5       14%         4
e - Fireball              Conj/Fire      13%        3d7       38%         5
f - Summon Small Mammal   Summ           100%       N/A       1%          1
g - Wereblood             Tmut           27%        N/A       2%          2
h - Searing Ray           Conj           54%        3d5       2%          2
Your spell library was empty.

Dungeon Overview and Level Annotations

Branches:
Dungeon (5/15)
 Temple: D:4-7

Altars:
Dithmenos
Okawaru
Sif Muna
The Shining One

Shops:
D:4 !


Innate Abilities, Weirdness & Mutations

You are a tree.
Your roots penetrate the ground, keeping you stationary.
You cannot be teleported.
You are immune to unholy pain and torment.
Your maximum health is greatly increased.
Your equipment is partially melded.
You are immune to sickness and miasma.
You are immune to poison.
((Your flesh is very heat resistant. (rF++)))
((You are vulnerable to cold. (rC-)))
You float through the air rather than walking.
You learn spells naturally, not from books.
Your magical power is your life essence.
You have superior vitality. (+4 HP)


Message History

Your rat bites the orc but does no damage.
It was a potion of lignification.
You turn into a tree.
Your +0 robe melds into your body.
Your roots penetrate the ground.
The orc priest casts a cantrip, but nothing happens.
The orc hits you but does no damage.
Your rat bites the orc.
It was a potion of haste.
You feel yourself speed up.
The orc priest hits you but does no damage.
The orc hits you but does no damage.
Your rat bites the orc.
It was a potion of berserk rage.
A red film seems to cover your vision as you go berserk!
You feel yourself moving faster!
You feel mighty!
The orc priest hits you but does no damage.
The orc hits you but does no damage.
You hit the orc.
The orc is heavily wounded.
Your rat closely misses the orc.
The orc priest miscasts a cantrip.
Your magical contamination has completely faded away.
You puncture the orc!
You kill the orc!
You puncture the orc priest!
The orc priest is almost dead.
The orc priest casts a cantrip, but nothing happens.
You barely miss the orc priest.
The orc priest is almost dead.
Your rat bites the orc priest but does no damage.
The orc priest hits you with a +0 dagger.
* * * LOW HITPOINT WARNING * * *
You hit the orc priest but do no damage.
The orc priest is almost dead.
Your rat bites the orc priest but does no damage.
You hit the orc priest.
You kill the orc priest!
You are too berserk!
You are too berserk!
You puncture the ogre!
The ogre is moderately wounded.
Your rat bites the ogre.
The ogre hits you with a +0 giant club!!
You die...

.....### ....##
<........ [h...##
.....#### h......
....## #####..o..#
...## ..#.h...#
..## #.#.# ###
#.#)## ######....#
#♣Oh)...#.......
#r#####...###.##
#.# ##.##
#############.#
...
####.............#
####
.<..†#############
######


You could see an ogre (ally target), a jackal and a friendly rat (summoned).

Vanquished Creatures
  A phantom (D:4)
  4 orc priests
  A bullfrog skeleton (D:4)
  An iguana (D:5)
  An orc wizard (D:5)
  A hound zombie (D:3)
  An adder (D:3)
  2 worms (D:2)
  2 dart slugs (D:1)
  10 orcs
  5 endoplasms
  7 giant cockroaches
  7 goblins
  5 hobgoblins
  2 jackals (D:5)
  4 quokkas
  6 ball pythons
  8 bats
  2 frilled lizards
  6 kobolds
  9 rats
85 creatures vanquished.

Vanquished Creatures (collateral kills)
  An ogre (D:5)
1 creature vanquished.

Vanquished Creatures (others)
  308 foxfires
308 creatures vanquished.

Grand Total: 394 creatures vanquished

Notes
Turn   | Place    | Note
-------+----------+-------------------------------------------
     0 | D:1      | bearlyready the Djinni Fire Elementalist began the quest
                  | for the Orb.
     0 | D:1      | Reached XP level 1. HP: 15/15 MP: 0/0
   216 | D:1      | Reached XP level 2. HP: 5/22 MP: 0/0
   217 | D:1      | Reached skill level 1 in Fighting
   934 | D:1      | Reached XP level 3. HP: 24/27 MP: 0/0
   934 | D:1      | Learned a level 1 spell: Summon Small Mammal
  1020 | D:1      | Found a faded altar of an unknown god.
  2219 | D:2      | Reached XP level 4. HP: 25/33 MP: 0/0
  3076 | D:3      | Found a shadowy altar of Dithmenos.
  3485 | D:3      | Found an iron altar of Okawaru.
  3691 | D:3      | Reached XP level 5. HP: 35/40 MP: 0/0
  3691 | D:3      | Learned a level 2 spell: Wereblood
  3923 | D:4      | Found a glowing golden altar of the Shining One.
  4202 | D:4      | Noticed a phantom
  4211 | D:4      | Killed a phantom
  4222 | D:4      | Reached XP level 6. HP: 29/47 MP: 0/0
  4567 | D:4      | Found Biempeuxt's Distillery.
  4720 | D:5      | Entered Level 5 of the Dungeon
  4720 | D:5      | Noticed an ogre
  4734 | D:5      | Killed an ogre
  5033 | D:5      | Reached XP level 7. HP: 37/53 MP: 0/0
  5033 | D:5      | Learned a level 2 spell: Searing Ray
  5056 | D:5      | Slain by an ogre

Illustrated notes

Levels and vault maps discovered:
D:1:      minmay_arrival_radiant_lines, layout_loops_ring,
          shapermc_ecumenical_altar_ellora
D:2:      layout_loops_ring, basic_altar
D:3:      layout_basic, grunt_dithmenos_smoke_and_mirrors,
          okawaru_ov_weapons_minmay
D:4:      minmay_skewed_foursquare, layout_basic, lemuel_doored_altar,
          serial_shops, nicolae_inconvenience_store
D:5:      layout_loops_ring, kennysheep_cross_bottleneck

Skill      XL: |  1  2  3  4  5  6 |
---------------+-------------------+-----
Fighting       | 1 2 3 4 |  4.7
Spellcasting   | 3 4 |  4.5
Dodging        | |  2.1
Stealth        | |  1.5

Action                   |  1- 3 |  4- 6 |  7- 9 || total
-------------------------+-------+-------+-------++-------
Melee: Unarmed           |    15 |       |       ||    15
       Dagger            |       |    17 |     8 ||    25
 Cast: Foxfire           |    90 |    98 |       ||   188
       Summon Small Mamm |     1 |     5 |     1 ||     7
       Sticky Flame      |       |     2 |       ||     2
       Searing Ray       |       |       |     1 ||     1
  Use: Scroll            |       |     2 |       ||     2
       Potion            |       |       |     4 ||     4
Armor: Robe              |    17 |     4 |       ||    21
       Skin              |       |       |     5 ||     5
Dodge: Dodged            |    39 |    31 |     3 ||    73
